[Event "International chess holiday K21"]
[Site "Praha"]
[Date "2013.07.21"]
[Round "1"]
[White "Franìk, Jan"]
[Black "Vítek, Jan"]
[Result "1-0"]
[ECO "B00"]
[WhiteElo "1953"]
[BlackElo "1824"]
[Annotator "Koller,Martin"]
[PlyCount "57"]
[TimeControl "240+2"]

1. e4 b6 2. d4 Bb7 3. Bd3 e6 4. Nf3 Nf6 5. Qe2 Be7 6. O-O d6 7. c4 c6
8. Nc3 Nbd7 9. b3 e5 10. d5 c5 11. Nh4 g6 12. f4 Nxd5 13. exd5 Bxh4 14. Ne4 Be7
15. f5 Nf6 16. fxg6 fxg6 17. Nxf6+ Bxf6 18. Bh6 Qe7 19. Qg4 Bc8 20. Bxg6+ Kd8
21. Bf5 Kc7 22. Rf2 e4 23. Re1 Bc3 24. Rxe4 Be5 25. Be6 Bxe6 26. dxe6 Rhg8 27.
Rf7 Qxf7 28. exf7 Rxg4 29. Rxg4 1-0

[Event "International chess holiday K21"]
[Site "Praha"]
[Date "2013.07.21"]
[Round "1"]
[White "Thomasson, Staffan"]
[Black "Schwimmer, Michael"]
[Result "1-0"]
[ECO "A30"]
[WhiteElo "1908"]
[BlackElo "1829"]
[Annotator "Koller,Martin"]
[PlyCount "45"]
[TimeControl "240+2"]

1. c4 c5 2. Nf3 Nf6 3. e3 g6 4. b3 Bg7 5. Bb2 O-O 6.
Qc2 Nc6 7. a3 b6 8. Be2 e5 9. d3 Re8 10. Nbd2 d6 11. O-O d5 12. cxd5 Nxd5 13.
Nc4 Bb7 14. Rac1 Qd7 15. Qb1 Rad8 16. Qa1 f6 17. Rfd1 Nc7 18. Bf1 Ne6 19. Bc3
Qf7 20. b4 Rd7 21. b5 Ne7 22. Nfd2 Nd8 23. Bb2 neèitelné 1-0

[Event "International chess holiday K21"]
[Site "Praha"]
[Date "2013.07.21"]
[Round "2"]
[White "Schimmer, Michael"]
[Black "Franìk, Jan"]
[Result "0-1"]
[ECO "C45"]
[WhiteElo "1829"]
[BlackElo "1953"]
[Annotator "Koller,Martin"]
[PlyCount "52"]
[TimeControl "240+2"]

1. e4 e5 2. Nf3 Nc6 3. d4 exd4 4. Nxd4 Nf6 5. Nxc6 bxc6 6. e5 Qe7 7.
Qe2 Nd5 8. c4 Ba6 9. b3 Qh4 10. Bb2 Bb4+ 11. Nd2 Nc3 12. Bxc3 Bxc3 13. Rd1 O-O
14. g3 Qe7 15. Bg2 Qxe5 16. Qxe5 Bxe5 17. O-O d5 18. Rfe1 Bc3 19. Re7 Rae8 20.
Rxe8 Rxe8 21. Nb1 Re1+ 22. Rxe1 Bxe1 23. cxd5 Bb4 24. a3 Be1 25. Bf1 Bc8 26.
dxc6 Bf5 0-1

[Event "International chess holiday K21"]
[Site "Praha"]
[Date "2013.07.21"]
[Round "2"]
[White "Vítek, Jan"]
[Black "Rothman, Peter"]
[Result "0-1"]
[ECO "A03"]
[WhiteElo "1824"]
[BlackElo "2173"]
[Annotator "Koller,Martin"]
[PlyCount "46"]
[TimeControl "240+2"]

1. f4 d5 2. Nf3 Nf6 3. e3 Bf5 4. b3 e6 5. Be2 h6 6. Bb2 Be7 7. Ne5 h5
8. d3 Nbd7 9. Nxd7 Qxd7 10. Bf3 O-O-O 11. Qe2 Bg6 12. Nd2 Kb8 13. O-O-O Ne8 14.
e4 Bf6 15. e5 Be7 16. d4 c5 17. dxc5 Bxc5 18. Kb1 Qe7 19. Rc1 Nc7 20. Ka1 Na6
21. Qb5 Be3 22. Rhd1 Qb4 23. Qxb4 Nxb4 0-1

[Event "International chess holiday K21"]
[Site "Praha"]
[Date "2013.07.21"]
[Round "2"]
[White "Schoenmakers, Nico"]
[Black "Muzikáø, Martin"]
[Result "0-1"]
[ECO "B76"]
[WhiteElo "1916"]
[BlackElo "1869"]
[Annotator "Koller,Martin"]
[PlyCount "94"]
[TimeControl "240+2"]

1. e4 c5 2. Nf3 d6 3. d4 cxd4 4. Nxd4 Nf6 5. Nc3 g6 6. Be3 Bg7 7. f3
O-O 8. Qd2 Nc6 9. O-O-O Bd7 10. Kb1 Rc8 11. g4 h5 12. h3 Ne5 13. Nd5 Nc4 14.
Nxf6+ Bxf6 15. Bxc4 Rxc4 16. gxh5 gxh5 17. Nf5 Bxf5 18. exf5 Qd7 19. Qd3 Rfc8
20. Rhg1+ Kh7 21. Qd5 Qe8 22. Rg2 Rb4 23. Bc1 Rbc4 24. Qd2 Qf8 25. Qe3 R8c5 26.
b3 Rh4 27. Rg3 Rxf5 28. Qd3 e6 29. Bg5 Rd4 30. Qf1 Rxd1+ 31. Qxd1 Rxg5 32. Qd3+
Kh8 33. Rxg5 Bxg5 34. Qb5 Qg7 35. a4 Qe5 36. Qxb7 Bf6 37. Qc8+ Kg7 38. c3 Qxc3
39. Qxc3 Bxc3 40. Kc2 Bb4 41. Kd3 Kf6 42. Kc4 a5 43. Kd4 Kf5 44. Ke3 d5 45. Ke2
Kf4 46. Kf2 d4 47. Ke2 e5 0-1

[Event "International chess holiday K21"]
[Site "Praha"]
[Date "2013.07.21"]
[Round "2"]
[White "Rüll, Michael"]
[Black "Hánl, František"]
[Result "1/2-1/2"]
[ECO "D13"]
[WhiteElo "1829"]
[BlackElo "1961"]
[Annotator "Koller,Martin"]
[PlyCount "74"]
[TimeControl "240+2"]

1. d4 c5 2. c3 cxd4 3. cxd4 d5 4. Bf4 Nc6 5. Nf3 Nf6 6. h3 Bf5 7. e3 e6
8. Nh4 Bb4+ 9. Nc3 Ne4 10. Nxf5 Nxc3 11. Nxg7+ Kf8 12. Qg4 Ne4+ 13. Ke2 Qf6 14.
Nh5 Qg6 15. a3 Ba5 16. Qxg6 hxg6 17. Ng3 g5 18. Nxe4 gxf4 19. Nc5 fxe3 20. fxe3
b6 21. Nd3 b5 22. Rc1 Rc8 23. Ne5 Nxd4+ 24. Kd1 Rxc1+ 25. Kxc1 Nf5 26. b4 Bc7
27. Nd7+ Ke7 28. Bxb5 Nxe3 29. Nc5 Nxg2 30. a4 Rh4 31. Kc2 Nf4 32. Kb3 Bd6 33.
Nb7 Rxh3+ 34. Rxh3 Nxh3 35. a5 Ng5 36. a6 f5 37. Na5 Bc7 1/2-1/2

[Event "International chess holiday K21"]
[Site "Praha"]
[Date "2013.07.21"]
[Round "2"]
[White "Schulz, Gerd"]
[Black "Thomasson, Staffan"]
[Result "1/2-1/2"]
[ECO "A40"]
[WhiteElo "2053"]
[BlackElo "1908"]
[Annotator "Koller,Martin"]
[PlyCount "76"]
[TimeControl "240+2"]

1. d4 g6 2. c4 Bg7 3. Nc3 c5 4. d5 Bxc3+ 5. bxc3 f5 6. Bg5 Qa5 7. Qc2
d6 8. e3 Nd7 9. Bd3 Ne5 10. Nf3 Nxd3+ 11. Qxd3 Bd7 12. O-O h6 13. Bh4 O-O-O 14.
Nd2 g5 15. Bg3 Nf6 16. f3 Nh5 17. e4 Nxg3 18. hxg3 f4 19. Kf2 fxg3+ 20. Kxg3 h5
21. Kf2 Rdf8 22. Nb3 Qd8 23. Qe3 e5 24. Ke2 h4 25. Rf2 Rf4 26. Rh1 Qf6 27. Nc1
Qg7 28. Nd3 Rf6 29. Rff1 g4 30. f4 g3 31. fxe5 Qg4+ 32. Kd2 Rxf1 33. Rxf1 h3
34. e6 Be8 35. Qf4 Qxf4+ 36. Nxf4 hxg2 37. Rg1 Rh2 38. Ke3 Ba4 1/2-1/2

[Event "International chess holiday K21"]
[Site "Praha"]
[Date "2013.07.22"]
[Round "3"]
[White "Hánl, František"]
[Black "Schoenmakers, Nico"]
[Result "1/2-1/2"]
[ECO "C28"]
[WhiteElo "1961"]
[BlackElo "1916"]
[Annotator "Koller,Martin"]
[PlyCount "36"]
[TimeControl "240+2"]

1. e4 e5 2. Nc3 Nc6 3. Bc4 d6 4. Nge2 Nf6 5. d3 Be7 6. O-O O-O 7. f4
exf4 8. Nxf4 Na5 9. Bb3 Nxb3 10. axb3 Bd7 11. Nfd5 Nxd5 12. Nxd5 Be6 13. Nxe7+
Qxe7 14. Qe1 Rae8 15. Qg3 f5 16. exf5 Rxf5 17. Rxf5 Bxf5 18. Bg5 Qe5 1/2-1/2

[Event "International chess holiday K21"]
[Site "Praha"]
[Date "2013.07.22"]
[Round "3"]
[White "Muzikáø, Martin"]
[Black "Vítek, Jan"]
[Result "1-0"]
[ECO "C14"]
[WhiteElo "1871"]
[BlackElo "1824"]
[Annotator "Koller,Martin"]
[PlyCount "32"]
[TimeControl "240+2"]

1. e4 e6 2. d4 d5 3. Nc3 Nf6 4. Bg5 Be7 5. e5 Nfd7 6. Bxe7 Qxe7 7. f4
a6 8. Qg4 f5 9. Qg3 c5 10. Nf3 cxd4 11. Nxd4 Nc6 12. Nxf5 exf5 13. Nxd5 Qd8 14.
Qxg7 Rf8 15. O-O-O Qa5 16. Be2 Ndxe5 1-0

[Event "International chess holiday K21"]
[Site "Praha"]
[Date "2013.07.22"]
[Round "3"]
[White "Rothmann, Peter"]
[Black "Schimmer, Michael"]
[Result "1-0"]
[ECO "A70"]
[WhiteElo "2173"]
[BlackElo "1838"]
[Annotator "Koller,Martin"]
[PlyCount "67"]
[TimeControl "240+2"]

1. d4 Nf6 2. Nf3 c5 3. d5 e6 4. c4 exd5 5. cxd5 d6 6. Nc3 g6 7. e4 Bg7
8. Bd3 Bg4 9. Qa4+ Bd7 10. Qc2 O-O 11. O-O Na6 12. Bxa6 bxa6 13. h3 Re8 14. Bf4
Qc7 15. Rfe1 Nh5 16. Bh2 f5 17. Qd2 f4 18. Bxf4 Nxf4 19. Qxf4 Rf8 20. Qg3 Rf7
21. e5 dxe5 22. Nxe5 Bxe5 23. Rxe5 Raf8 24. Ne4 Qb8 25. Qc3 Bxh3 26. Ng5 Rxf2
27. Qxh3 h5 28. Re6 R2f6 29. Qc3 Qf4 30. Nf3 h4 31. Rxf6 Rxf6 32. Qe5 h3 33.
Qxf4 Rxf4 34. Rd1 1-0

[Event "International chess holiday K21"]
[Site "Praha"]
[Date "2013.07.22"]
[Round "3"]
[White "Franìk, Jan"]
[Black "Schulz, Gerd"]
[Result "0-1"]
[ECO "B30"]
[WhiteElo "1955"]
[BlackElo "2053"]
[Annotator "Koller,Martin"]
[PlyCount "40"]
[TimeControl "240+2"]

1. e4 c5 2. Nf3 Nc6 3. Bb5 e6 4. O-O Nge7 5. Re1 a6 6. Bf1 d5 7. Nc3 d4
8. Nb1 e5 9. a4 Ng6 10. Bc4 Be7 11. d3 O-O 12. Nbd2 Rb8 13. Bd5 Nf4 14. Nc4 Bf6
15. a5 Nxd5 16. exd5 Qxd5 17. Nfxe5 Bxe5 18. Nxe5 Nxe5 19. Qh5 f6 20. Re4 Qf7
0-1

[Event "International chess holiday K21"]
[Site "Praha"]
[Date "2013.07.22"]
[Round "3"]
[White "Thomasson, Staffan"]
[Black "Rüll, Michael"]
[Result "1-0"]
[ECO "A24"]
[WhiteElo "1908"]
[BlackElo "1829"]
[Annotator "Koller,Martin"]
[PlyCount "61"]
[TimeControl "240+2"]

1. c4 Nf6 2. Nc3 d6 3. g3 g6 4. Bg2 Bg7 5. Nf3 e5 6. d3 a5 7. Bd2 O-O
8. O-O Nbd7 9. a3 Nc5 10. b4 axb4 11. axb4 Rxa1 12. Qxa1 Nb3 13. Qa7 Nxd2 14.
Nxd2 Bg4 15. Qxb7 Ne8 16. f3 Bc8 17. Qb8 f5 18. b5 e4 19. Nd5 Bd4+ 20. e3 exf3
21. Nxf3 Bf6 22. Re1 Be6 23. Qxd8 Bxd8 24. Nd4 Bd7 25. Nf4 Ng7 26. Bd5+ Kh8 27.
h4 Bf6 28. Ra1 Re8 29. Kf2 g5 30. hxg5 Bxg5 31. Ra7 1-0

[Event "International chess holiday K21"]
[Site "Praha"]
[Date "2013.07.23"]
[Round "4"]
[White "Schulz, Gerd"]
[Black "Rothman, Peter"]
[Result "0-1"]
[ECO "D13"]
[WhiteElo "2053"]
[BlackElo "2173"]
[Annotator "Koller,Martin"]
[PlyCount "40"]
[TimeControl "240+2"]

1. d4 d5 2. c4 c6 3. Nc3 Nf6 4. cxd5 cxd5 5. Bf4 Nc6 6. Nf3 a6 7. e3
Bg4 8. Qb3 Na5 9. Qc2 Bxf3 10. gxf3 Rc8 11. Bd3 e6 12. Ke2 Nh5 13. Bg3 Qb6 14.
Rhc1 Nxg3+ 15. hxg3 g6 16. Qa4+ Nc6 17. Rc2 Bg7 18. a3 O-O 19. b4 Bxd4 20. exd4
Nxd4+ 0-1

[Event "International chess holiday K21"]
[Site "Praha"]
[Date "2013.07.23"]
[Round "4"]
[White "Schoenmakers, Nico"]
[Black "Vítek, Jan"]
[Result "1/2-1/2"]
[ECO "B00"]
[WhiteElo "1916"]
[BlackElo "1823"]
[Annotator "Koller,Martin"]
[PlyCount "24"]
[TimeControl "240+2"]

1. e4 b6 2. d4 Bb7 3. Bd3 Nf6 4. Nc3 e6 5. a3 c5 6. dxc5 Bxc5 7. b4 Bd4
8. Nge2 Bxc3+ 9. Nxc3 d5 10. e5 Qc7 11. Bb2 Qxe5+ 12. Qe2 Qxe2+ 1/2-1/2

[Event "International chess holiday K21"]
[Site "Praha"]
[Date "2013.07.23"]
[Round "4"]
[White "Hánl, František"]
[Black "Thomasson, Staffan"]
[Result "1-0"]
[ECO "B42"]
[WhiteElo "1935"]
[BlackElo "1908"]
[Annotator "Koller,Martin"]
[PlyCount "73"]
[TimeControl "240+2"]

1. e4 c5 2. Nf3 e6 3. d4 cxd4 4. Nxd4 a6 5. Bd3 Qc7 6. O-O Nf6 7. c4
Be7 8. Nc3 d6 9. Kh1 Nbd7 10. f4 Nc5 11. f5 e5 12. Nde2 b6 13. Nd5 Qb7 14. Nec3
Bd7 15. Nxe7 Kxe7 16. Bg5 Bc6 17. Nd5+ Bxd5 18. cxd5 Kd7 19. Bxf6 gxf6 20. b4
Nxd3 21. Qxd3 h5 22. Rfc1 Rac8 23. b5 Rc5 24. Rxc5 dxc5 25. bxa6 Qc7 26. Qb5+
Kd6 27. Rb1 Rb8 28. h3 c4 29. a7 Qxa7 30. Qc6+ Ke7 31. Qxc4 Qd7 32. Rc1 Rb7 33.
Rc2 Ra7 34. Qb3 Qa4 35. Rc7+ Ke8 36. Rc8+ Ke7 37. Qxb6 1-0

[Event "International chess holiday K21"]
[Site "Praha"]
[Date "2013.07.23"]
[Round "4"]
[White "Rüll, Michael"]
[Black "Franìk, Jan"]
[Result "0-1"]
[ECO "C44"]
[WhiteElo "1829"]
[BlackElo "1953"]
[Annotator "Koller,Martin"]
[PlyCount "92"]
[TimeControl "240+2"]

1. e4 e5 2. Nf3 Nc6 3. g3 Bc5 4. d3 f5 5. exf5 Nf6 6. Nh4 O-O 7. Bg2 d6
8. O-O Nd4 9. Nc3 Nxf5 10. Nxf5 Bxf5 11. Bxb7 Ng4 12. Ne4 Bxe4 13. dxe4 Nxf2
14. Qd5+ Kh8 15. Bxa8 Qf6 16. Bf4 exf4 17. e5 Qg6 18. Qf3 Qxc2 19. Rxf2 Qxf2+
20. Qxf2 Bxf2+ 21. Kxf2 fxg3+ 22. Kxg3 Rxa8 23. exd6 cxd6 24. Rc1 h6 25. Rc7 a5
26. Rc6 Rb8 27. b3 Re8 28. Ra6 Re5 29. h4 Kg8 30. Rxd6 Re2 31. Ra6 Rxa2 32. h5
Ra3 33. Kg4 Rxb3 34. Rxa5 Rb4+ 35. Kg3 Rd4 36. Rf5 Rd6 37. Kh4 Rf6 38. Rxf6
gxf6 39. Kg4 Kf8 40. Kf4 Ke7 41. Kf5 Kf7 42. Kf4 Ke6 43. Ke4 f5+ 44. Kf4 Kf6
45. Kf3 Kg5 46. Kg3 Kxh5 0-1

[Event "International chess holiday K21"]
[Site "Praha"]
[Date "2013.07.23"]
[Round "4"]
[White "Schimmer, Michael"]
[Black "Muzikáø, Martin"]
[Result "1/2-1/2"]
[ECO "B53"]
[WhiteElo "1829"]
[BlackElo "1869"]
[Annotator "Koller,Martin"]
[PlyCount "74"]
[TimeControl "240+2"]

1. e4 c5 2. Nf3 d6 3. d4 cxd4 4. Qxd4 Bd7 5. c4 Nc6 6. Qe3 g6 7. Be2
Nf6 8. O-O Bg7 9. h3 O-O 10. Nc3 Rc8 11. Rb1 a6 12. b3 Qc7 13. Bb2 b6 14. Nd5
Nxd5 15. cxd5 Ne5 16. Nd4 f6 17. f4 Nf7 18. a4 Qb7 19. Qg3 Rc5 20. h4 Rfc8 21.
h5 g5 22. Ne6 Bxe6 23. dxe6 Nd8 24. e5 Nxe6 25. fxg5 Nxg5 26. exf6 exf6 27.
Bxf6 Ne4 28. Qxg7+ Qxg7 29. Bxg7 Kxg7 30. Bxa6 R8c7 31. Rbd1 Rxh5 32. Rf3 d5
33. Bd3 Re5 34. Rf4 Rc3 35. Bxe4 Rxe4 36. Rxe4 dxe4 37. Rd7+ Kg8 1/2-1/2

[Event "International chess holiday K21"]
[Site "Praha"]
[Date "2013.07.23"]
[Round "5"]
[White "Franìk, Jan"]
[Black "Hánl, František"]
[Result "1/2-1/2"]
[ECO "D35"]
[WhiteElo "1953"]
[BlackElo "1961"]
[Annotator "Koller,Martin"]
[PlyCount "31"]
[TimeControl "240+2"]

1. d4 d5 2. c4 Nf6 3. Nc3 c6 4. Nf3 e6 5. Bg5 Nbd7 6. cxd5 exd5 7. e3
h6 8. Bh4 Be7 9. Bd3 O-O 10. O-O Re8 11. a3 Bd6 12. Qc2 Qb6 13. b4 a6 14. Rab1
g5 15. Bg3 Bxg3 16. hxg3 neèitelné 1/2-1/2

[Event "International chess holiday K21"]
[Site "Praha"]
[Date "2013.07.23"]
[Round "5"]
[White "Muzikáø, Martin"]
[Black "Schulz, Gerd"]
[Result "1/2-1/2"]
[ECO "B88"]
[WhiteElo "1869"]
[BlackElo "2053"]
[Annotator "Koller,Martin"]
[PlyCount "43"]
[TimeControl "240+2"]

1. e4 c5 2. Nf3 Nc6 3. d4 cxd4 4. Nxd4 Nf6 5. Nc3 d6 6. Bc4 e6 7. Bb3
a6 8. O-O Be7 9. Be3 Qc7 10. f4 O-O 11. Qf3 Bd7 12. f5 Nxd4 13. Bxd4 e5 14. Be3
b5 15. Nd5 Nxd5 16. Bxd5 Bc6 17. Bxc6 Qxc6 18. c3 f6 19. Rad1 Rac8 20. Rd5 Qc4
21. a3 Qb3 22. Qe2 1/2-1/2

[Event "International chess holiday K21"]
[Site "Praha"]
[Date "2013.07.23"]
[Round "5"]
[White "Thomasson, Staffan"]
[Black "Schoenmakers, Nico"]
[Result "1/2-1/2"]
[ECO "D66"]
[WhiteElo "1908"]
[BlackElo "1916"]
[Annotator "Koller,Martin"]
[PlyCount "61"]
[TimeControl "240+2"]

1. d4 d5 2. Bg5 c6 3. e3 Nd7 4. Nf3 Ngf6 5. Bd3 e6 6. O-O Be7 7. c4 O-O
8. Nc3 dxc4 9. Bxc4 b5 10. Bd3 a6 11. Rc1 Bb7 12. Re1 c5 13. Bb1 cxd4 14. exd4
Nd5 15. Ne4 Bxg5 16. Nfxg5 N5f6 17. Nc5 Bd5 18. Qd3 g6 19. Qh3 Re8 20. Rc3 Nf8
21. Rce3 Nh5 22. Nge4 f5 23. Nc3 Nf4 24. Qh6 Nxg2 25. Nxd5 Nxe1 26. Nf4 Qxd4
27. Nfxe6 Rxe6 28. Nxe6 Nxe6 29. Bxf5 gxf5 30. Rxe6 Kh8 31. Rxe1 1/2-1/2

[Event "International chess holiday K21"]
[Site "Praha"]
[Date "2013.07.23"]
[Round "5"]
[White "Vítek, Jan"]
[Black "Schimmer, Michael"]
[Result "1/2-1/2"]
[ECO "A45"]
[WhiteElo "1824"]
[BlackElo "1829"]
[Annotator "Koller,Martin"]
[PlyCount "72"]
[TimeControl "240+2"]

1. f4 g6 2. Nf3 Bg7 3. e3 d6 4. d4 Nf6 5. Nc3 O-O 6. Be2 c5 7. O-O a6
8. dxc5 dxc5 9. Qxd8 Rxd8 10. e4 Nc6 11. Be3 Nd4 12. Rad1 Ng4 13. Bc1 Be6 14.
h3 Nxf3+ 15. gxf3 Bd4+ 16. Kg2 Ne3+ 17. Bxe3 Bxe3 18. Kg3 Bd4 19. Nd5 Bxd5 20.
exd5 Bxb2 21. Rb1 Bf6 22. Rxb7 Rxd5 23. Rd1 Rxd1 24. Bxd1 Rd8 25. Be2 Rd2 26.
Bd3 c4 27. Bxc4 Rxc2 28. Bb3 Rc5 29. Ra7 a5 30. Rd7 e6 31. Rb7 Bc3 32. Rb8+ Kg7
33. Rb7 Kf6 34. Ba4 Be1+ 35. Kg2 neèitelné 1/2-1/2

[Event "International chess holiday K21"]
[Site "Praha"]
[Date "2013.07.23"]
[Round "5"]
[White "Rothmann, Peter"]
[Black "Rüll, Michael"]
[Result "1-0"]
[ECO "E60"]
[WhiteElo "2173"]
[BlackElo "1829"]
[Annotator "Koller,Martin"]
[PlyCount "59"]
[TimeControl "240+2"]

1. d4 Nf6 2. Nf3 g6 3. c4 Bg7 4. g3 d6 5. Bg2 O-O 6. O-O Nc6 7. d5 Na5
8. Nfd2 c5 9. Qc2 Bf5 10. e4 Bd7 11. Nc3 a6 12. b3 b5 13. Bb2 bxc4 14. bxc4 Rb8
15. Rab1 Bh6 16. f4 e5 17. dxe6 fxe6 18. Qd3 Bg7 19. Bh3 e5 20. Bxd7 Qxd7 21.
Nd5 Nc6 22. fxe5 Ng4 23. Nf6+ Nxf6 24. exf6 Rxb2 25. Qd5+ Kh8 26. fxg7+ Kxg7
27. Rxb2 Nb4 28. Qg5 Rxf1+ 29. Nxf1 Nd3 30. Rd2 1-0

[Event "International chess holiday K21"]
[Site "Praha"]
[Date "2013.07.24"]
[Round "6"]
[White "Schoenmakers, Nico"]
[Black "Schimmer, Michael"]
[Result "1-0"]
[ECO "B23"]
[WhiteElo "1916"]
[BlackElo "1838"]
[Annotator "Koller,Martin"]
[PlyCount "41"]
[TimeControl "240+2"]

1. e4 d6 2. f4 g6 3. Nf3 Bg7 4. Bc4 Nf6 5. d3 O-O 6. O-O c5 7. a4 Nc6
8. Nc3 a6 9. Kh1 Rb8 10. Qe1 Na5 11. Ba2 Bd7 12. Bd2 b6 13. Rb1 Nc6 14. e5 Ng4
15. e6 Bc8 16. f5 Bb7 17. exf7+ Kh8 18. fxg6 h6 19. Be6 Nce5 20. Bd5 Nxg6 21.
Bxb7 1-0

[Event "International chess holiday K21"]
[Site "Praha"]
[Date "2013.07.24"]
[Round "6"]
[White "Schulz, Gerd"]
[Black "Vítek, Jan"]
[Result "1/2-1/2"]
[ECO "A80"]
[WhiteElo "2053"]
[BlackElo "1824"]
[Annotator "Koller,Martin"]
[PlyCount "26"]
[TimeControl "240+2"]

1. d4 f5 2. Bg5 g6 3. Nd2 Bg7 4. e4 d6 5. c3 fxe4 6. Nxe4 Nf6 7. Nxf6+
exf6 8. Bh4 O-O 9. Bd3 Be6 10. Ne2 Qd7 11. O-O Kh8 12. Qc2 Nc6 13. a4 Ne7
1/2-1/2

[Event "International chess holiday K21"]
[Site "Praha"]
[Date "2013.07.24"]
[Round "6"]
[White "Hánl, František"]
[Black "Rothmann, Petr"]
[Result "1-0"]
[ECO "B32"]
[WhiteElo "1935"]
[BlackElo "2173"]
[Annotator "Koller,Martin"]
[PlyCount "79"]
[TimeControl "240+2"]

1. e4 c5 2. Nf3 Nc6 3. d4 cxd4 4. Nxd4 e5 5. Nxc6 bxc6 6. Bc4 Bc5 7.
O-O Nf6 8. Bg5 h6 9. Bh4 g5 10. Bg3 d6 11. Nd2 Bg4 12. Be2 Be6 13. Nb3 Bb6 14.
Ba6 Qe7 15. Qd3 Nh5 16. c4 Rd8 17. Qc3 f6 18. Rac1 Nf4 19. Bxf4 gxf4 20. c5
dxc5 21. Nxc5 Bxc5 22. Qxc5 Rd6 23. Bb7 Kf7 24. b4 Rhd8 25. Bxc6 Rd2 26. Qa5
Rxa2 27. Ba4 Rd7 28. Rc6 Kg7 29. Rxe6 Qxe6 30. Bxd7 Rxa5 31. Bxe6 Rb5 32. Ra1
Rxb4 33. Rxa7+ Kg6 34. Bf5+ Kh5 35. h3 Rb1+ 36. Kh2 Rb2 37. Bg4+ Kg6 38. f3 h5
39. Bf5+ Kg5 40. Rh7 1-0

[Event "International chess holiday K21"]
[Site "Praha"]
[Date "2013.07.24"]
[Round "6"]
[White "Rüll, Michael"]
[Black "Muzikáø, Martin"]
[Result "1/2-1/2"]
[ECO "D02"]
[WhiteElo "1829"]
[BlackElo "1871"]
[Annotator "Koller,Martin"]
[PlyCount "87"]
[TimeControl "240+2"]

1. d4 d5 2. Nf3 Nf6 3. Bf4 Bf5 4. Nh4 Bd7 5. e3 c5 6. h3 Nc6 7. Nf3 e6
8. c3 Qb6 9. Qb3 Be7 10. Nbd2 Rc8 11. Be2 O-O 12. O-O Ne8 13. Rad1 c4 14. Qc2
f5 15. Ne5 Nxe5 16. Bxe5 Bd6 17. Nf3 Qc7 18. g3 Nf6 19. Bxd6 Qxd6 20. Ne5 b5
21. a3 a5 22. Ra1 Rb8 23. Rfb1 Rb7 24. Bf3 Rfb8 25. Qe2 Be8 26. Ra2 Nd7 27.
Nxd7 Bxd7 28. Rba1 b4 29. axb4 axb4 30. Ra6 Rb6 31. Ra8 Bc6 32. R8a7 R8b7 33.
Ra8+ Rb8 34. R8a7 g6 35. h4 R8b7 36. Ra8+ Kg7 37. Kg2 bxc3 38. bxc3 Rb2 39. Qe1
Qc7 40. Qc1 Bd7 41. R8a7 Rxf2+ 42. Kxf2 Rxa7 43. Rxa7 Qxa7 44. Qb2 1/2-1/2

[Event "International chess holiday K21"]
[Site "Praha"]
[Date "2013.07.24"]
[Round "6"]
[White "Thomasson, Staffan"]
[Black "Franìk, Jan"]
[Result "0-1"]
[ECO "A11"]
[WhiteElo "1908"]
[BlackElo "1955"]
[Annotator "Koller,Martin"]
[PlyCount "73"]
[TimeControl "240+2"]

1. c4 e6 2. Nf3 d5 3. e3 c6 4. b3 f5 5. Bb2 Nf6 6. d3 Nbd7 7. Nbd2 Bd6
8. Be2 O-O 9. O-O e5 10. Rc1 e4 11. Nd4 Ne5 12. cxd5 exd3 13. Bf3 cxd5 14. Nb5
a6 15. Nxd6 Qxd6 16. Bxe5 Qxe5 17. Nb1 Bd7 18. Nc3 Bc6 19. Qxd3 Rad8 20. Rfd1
Rd6 21. Ne2 Ne4 22. g3 g5 23. a4 Rg6 24. Nd4 Rh6 25. Nxc6 bxc6 26. Bxe4 fxe4
27. Qf1 g4 28. Rc5 Rff6 29. Ra5 Qf5 30. Rxa6 Rxh2 31. Ra8+ Kf7 32. Ra7+ Ke6 33.
Ra6 Qxf2+ 34. Qxf2 Rfxf2 35. Rxc6+ Ke5 36. Rd4 Rfg2+ 37. Kf1 0-1

[Event "International chess holiday K21"]
[Site "Praha"]
[Date "2013.07.25"]
[Round "7"]
[White "Franìk, Jan"]
[Black "Schoenmakers, Nico"]
[Result "1-0"]
[ECO "B89"]
[WhiteElo "1955"]
[BlackElo "1916"]
[Annotator "Koller,Martin"]
[PlyCount "43"]
[TimeControl "240+2"]

1. e4 c5 2. Nf3 d6 3. d4 cxd4 4. Nxd4 Nf6 5. Nc3 a6 6. Bc4 e6 7. Be3
Be7 8. Qe2 Qc7 9. O-O-O O-O 10. g4 b5 11. Bb3 Nc6 12. g5 Nxd4 13. Rxd4 Nd7 14.
Qh5 Re8 15. Bxe6 g6 16. Bxf7+ Kxf7 17. Qxh7+ Kf8 18. f4 Qd8 19. Qxg6 Nc5 20. f5
b4 21. f6 bxc3 22. Qg7# 1-0

[Event "International chess holiday K21"]
[Site "Praha"]
[Date "2013.07.25"]
[Round "7"]
[White "Muzikáø, Martin"]
[Black "Hánl, František"]
[Result "1/2-1/2"]
[ECO "C01"]
[WhiteElo "1871"]
[BlackElo "1935"]
[Annotator "Koller,Martin"]
[PlyCount "29"]
[TimeControl "240+2"]

1. e4 e6 2. d4 d5 3. exd5 exd5 4. Bd3 Bd6 5. Nf3 Ne7 6. c3 O-O 7. O-O
Bf5 8. Bg5 f6 9. Bh4 Nbc6 10. Bg3 Bxg3 11. hxg3 Re8 12. Qc2 Qd7 13. Nbd2 Bxd3
14. Qxd3 Nf5 15. Rfe1 1/2-1/2

[Event "International chess holiday K21"]
[Site "Praha"]
[Date "2013.07.25"]
[Round "7"]
[White "Vítek, Jan"]
[Black "Rüll, Michael"]
[Result "1/2-1/2"]
[ECO "A02"]
[WhiteElo "1824"]
[BlackElo "1829"]
[Annotator "Koller,Martin"]
[PlyCount "55"]
[TimeControl "240+2"]

1. f4 Nf6 2. Nf3 g6 3. b3 Bg7 4. Bb2 d6 5. e3 Nbd7 6. Be2 O-O 7. O-O e5
8. fxe5 Ng4 9. h3 Ngxe5 10. Nxe5 Nxe5 11. Nc3 Qg5 12. Ne4 Qe7 13. Rb1 c6 14.
Nf2 f5 15. Nd3 Bd7 16. Nxe5 Bxe5 17. Bxe5 Qxe5 18. Qe1 Rae8 19. Bd3 Re7 20. Rf3
d5 21. Qh4 Qf6 22. Qxf6 Rxf6 23. Rbf1 Ref7 24. g4 Kg7 25. gxf5 Bxf5 26. Bxf5
Rxf5 27. Rxf5 gxf5 28. Rf4 1/2-1/2

[Event "International chess holiday K21"]
[Site "Praha"]
[Date "2013.07.25"]
[Round "7"]
[White "Schimmer, Michael"]
[Black "Schulz, Gerd"]
[Result "1-0"]
[ECO "B66"]
[WhiteElo "1838"]
[BlackElo "2053"]
[Annotator "Koller,Martin"]
[PlyCount "43"]
[TimeControl "240+2"]

1. e4 c5 2. Nf3 Nc6 3. d4 cxd4 4. Nxd4 Nf6 5. Nc3 d6 6. Bg5 e6 7. Qd2
a6 8. O-O-O Qc7 9. f4 Be7 10. Bc4 Nxd4 11. Qxd4 b5 12. Bb3 Qc5 13. Qd2 h6 14.
Bh4 Ng4 15. Bg3 g5 16. Kb1 Qe3 17. f5 Qxd2 18. Rxd2 exf5 19. Nd5 Ra7 20. exf5
Bxf5 21. Re1 Be6 22. Nxe7 1-0

[Event "International chess holiday K21"]
[Site "Praha"]
[Date "2013.07.25"]
[Round "7"]
[White "Rothmann, Peter"]
[Black "Thomasson, Staffan"]
[Result "1-0"]
[ECO "A40"]
[WhiteElo "2173"]
[BlackElo "1908"]
[Annotator "Koller,Martin"]
[PlyCount "77"]
[TimeControl "240+2"]

1. d4 g6 2. Nf3 Bg7 3. c4 c5 4. d5 f5 5. Qc2 e5 6. e3 e4 7. Ng1 d6 8.
Nc3 Nf6 9. h4 Nbd7 10. Nh3 Ne5 11. Nf4 Bd7 12. Be2 a6 13. a4 Qe7 14. b3 Nfg4
15. Bb2 O-O-O 16. a5 Bf6 17. g3 Nf3+ 18. Kf1 Rdg8 19. Na4 g5 20. Nb6+ Kc7 21.
hxg5 Rxg5 22. Bxf3 exf3 23. Nxd7 Kxd7 24. Ne6 Nxe3+ 25. fxe3 Rxg3 26. Nxc5+ Kc7
27. Ne6+ Kb8 28. Rd1 Rg2 29. Rd2 Rhg8 30. Bd4 Bh4 31. Nf4 R2g4 32. Qxf5 Qc7 33.
Qe6 Ka8 34. Rxh4 Rg1+ 35. Kf2 Qxa5 36. b4 Qxb4 37. Qxg8+ Rxg8 38. Rb2 Qxb2+ 39.
Bxb2 1-0